 Dungeon Crawl Stone Soup version 0.19.1-1-g22dce08 (webtiles) character file.

578 Jerry the Covered (level 7, -3/52 HPs)
             Began as a Mummy Fighter on Jan 10, 2017.
             Slain by a gnoll
             ... wielding a +0 whip
              (5 damage)
             ... on level 2 of the Dungeon.
             The game lasted 00:09:10 (3891 turns).

Jerry the Covered (Mummy Fighter)                   Turns: 3891, Time: 00:09:11

Health: -3/52      AC:  8    Str: 20    XL:     7   Next: 13%
Magic:  7/7        EV: 11    Int:  7    God:
Gold:   116        SH:  0    Dex: 13    Spells: 0 memorised, 6 levels left

rFire  x . .     SeeInvis .     a - +0 long sword
rCold  + . .     Gourm    .     b - +0 scale mail
rNeg   + + +     Faith    .     (no shield)
rPois  ∞         Spirit   .     g - +0 helmet
rElec  .         Reflect  .     (no cloak)
rCorr  .         Harm     .     (no gloves)
MR     .....                    (no boots)
Stlth  ..........               (no amulet)
                                (no ring)
                                (no ring)

@: no status effects
A: no food or potions, fire vulnerability, cold resistance 1, negative energy
resistance 3, torment resistance, unbreathing
a: no special abilities


You were on level 2 of the Dungeon.
You were not hungry.

You visited 1 branch of the dungeon, and saw 4 of its levels.

You collected 116 gold pieces.

Inventory:

Hand Weapons
 a - a +0 long sword (weapon)
 k - a +1 dagger of electrocution
Armour
 b - a +0 scale mail (worn)
 c - a +0 shield
 g - a +0 helmet (worn)
Scrolls
 d - 3 scrolls of identify {unknown}
 e - a scroll of teleportation {unknown}
 f - 2 scrolls of random uselessness {unknown}
 h - 4 scrolls of remove curse {unknown}
 i - a scroll of magic mapping {unknown}
 j - a scroll of noise {unknown}
 l - a scroll of enchant armour {unknown}


   Skills:
 - Level 3.0 Fighting
 + Level 4.0 Long Blades
 + Level 4.2 Armour
 + Level 3.5 Dodging
 - Level 2.4 Shields


You had 6 spell levels left.
You didn't know any spells.

Dungeon Overview and Level Annotations

Branches:
Dungeon (4/15)
 Temple: D:4-7

Altars:
Kikubaaqudgha
Yredelemnul


Innate Abilities, Weirdness & Mutations

You do not eat or drink.
Your flesh is vulnerable to fire.
You are immune to poison.
Your flesh is cold resistant. (rC+)
You are immune to negative energy. (rN+++)
You are immune to unholy pain and torment.
You can survive without breathing.


Message History

The gnoll is severely wounded.
The gnoll closely misses you. x2; The gnoll hits you but does no damage.
You hit the gnoll.
The gnoll is almost dead.
The gnoll misses you. The gnoll hits you with a halberd.
* * * LOW HITPOINT WARNING * * *
The gnoll closely misses you. The gnoll completely misses you.
You closely miss the gnoll.
The gnoll is almost dead.
The gnoll hits you but does no damage. The gnoll closely misses you.
You riposte.
You slash the gnoll!
You kill the gnoll!
Your Long Blades skill increases to level 4!
The gnoll hits you but does no damage. x2
You hit the gnoll.
The gnoll is moderately wounded.
The gnoll completely misses you.
You riposte.
You hit the gnoll.
The gnoll is heavily wounded.
The gnoll hits you with a whip.
You die...

#.######.#.#####.# #.##.#(.#.##
#.)........#####.###...##.###.#
#####.##.#............##.## ##.
#.##.#†###.........!## ##
#.##.#.# #........#..## ##.
#.##.#.# #............###..
#.##.#.# #........#.##.#÷.#
#......# #)g...<........#.#
####.### #@g.....##..>....#
#.### #############.####
##...#### #.#
#.......############.#
#.##.##.#.)..........####
#.##.##.#.##.#.########..
#.##....#.##.#%# #.#
#.####...(...#.# #..
#.......#.####.# #.#


You could see 2 gnolls.

Vanquished Creatures
  An ogre (D:3)
  2 vampire bats (D:3)
  An orc priest (D:4)
  3 gnoll shamans (D:3)
  2 adders (D:2)
  18 gnolls
  An ooze (D:1)
  2 worms (D:3)
  3 dart slugs
  2 leopard geckos
  10 orcs
  3 bats
  4 bat skeletons (D:3)
  A bat zombie (D:3)
  3 giant cockroaches
  10 goblins
  6 hobgoblins
  14 jackals (D:3)
  A quokka (D:2)
  8 frilled lizards
  5 kobolds
  A rat (D:1)
  A spectral orc (D:4)
102 creatures vanquished.

Notes
Turn   | Place    | Note
-------+----------+-------------------------------------------
     0 | D:1      | Jerry the Mummy Fighter began the quest for the Orb.
     0 | D:1      | Reached XP level 1. HP: 18/18 MP: 1/1
   190 | D:1      | Reached XP level 2. HP: 23/24 MP: 2/2
   281 | D:1      | Reached skill level 1 in Dodging
   664 | D:2      | Reached XP level 3. HP: 28/29 MP: 3/3
  1401 | D:3      | Reached XP level 4. HP: 35/35 MP: 4/4
  1753 | D:3      | Found an ancient bone altar of Kikubaaqudgha.
  1759 | D:3      | Reached XP level 5. HP: 35/41 MP: 5/5
  2282 | D:3      | Noticed an ogre
  2293 | D:3      | Killed an ogre
  2293 | D:3      | Reached XP level 6. HP: 44/47 MP: 6/6
  3032 | D:4      | Found a basalt altar of Yredelemnul.
  3427 | D:3      | Reached XP level 7. HP: 8/52 MP: 7/7
  3889 | D:2      | HP: 2/52 [gnoll/halberd (3)]
  3891 | D:2      | Slain by a gnoll

Skill      XL: |  1  2  3  4  5  6  7 |
---------------+----------------------+-----
Dodging        | 1 2 3 |  3.5
Long Blades    | 2 3 4 |  4.0
Armour         | 3 4 |  4.2
Fighting       | |  3.0
Shields        | |  2.4

Action                   |  1- 3 |  4- 6 |  7- 9 || total
-------------------------+-------+-------+-------++-------
Melee: Long sword        |   106 |   197 |    51 ||   354
Armor: Scale mail        |    47 |   105 |    23 ||   175
Dodge: Dodged            |    63 |   181 |    48 ||   292
       Rpst.: Long sword |    18 |    59 |    15 ||    92
